 Dungeon Crawl Stone Soup version 0.29.1-15-g9cfb28693d (webtiles) character file.

Game seed: 9590881751716670285

14218 dudediamond6 the Thaumaturge (level 11, 0/74 HPs)
             Began as a White Draconian Conjurer on Feb 24, 2023.
             Was a Priest of Vehumet.
             Slain by a green ugly thing (5 damage)
             ... on level 12 of the Dungeon on Feb 25, 2023.
             The game lasted 00:42:24 (14337 turns).

dudediamond6 the Thaumaturge (DrCj)                Turns: 14337, Time: 00:42:25

Health: 0/74       AC: 12    Str: 10    XL:     11   Next: 85%
Magic:  28/28      EV: 13    Int: 29    God:    Vehumet [***...]
Gold:   1521       SH:  0    Dex: 18    Spells: 13/37 levels left

rFire   x . .      SeeInvis .   J - +5 rapier of the Egg {drain, Fragile Fly Int+3 Dex+8}
rCold   + + .      Faith    .   z - orb {*channel}
rNeg    . . .      Spirit   .   (body armour unavailable)
rPois   .          Reflect  .   (helmet restricted)
rElec   .          Harm     .   o - +1 cloak
rCorr   .          Rampage  .   G - +1 pair of gloves
Will    .....                   v - +0 pair of boots of Hairiness {Int+4}
Stlth   ++........              r - amulet of magic regeneration
HPRegen 0.22/turn               q - ring of ice
MPRegen 0.61/turn               (no ring)

@: flying
A: breathe frost, AC +7, unfitting armour, cold resistance 1, cold-blooded
a: Breathe Frost, Renounce Religion


You were on level 12 of the Dungeon.
You worshipped Vehumet.
Vehumet was most pleased with you.
You visited 2 branches of the dungeon, and saw 12 of its levels.

You collected 1521 gold pieces.

Inventory:

Hand Weapons
 b - a +0 dagger
 F - a +0 mace
 J - the +5 rapier of the Egg (weapon) {drain, Fragile Fly Int+3 Dex+8}
   (You took it off an orc on level 9 of the Dungeon)

   A truly terrible weapon, it drains the life of any living foe it strikes.
   Int:       It affects your intelligence (+3).
   Dex:       It affects your dexterity (+8).
   Fly:       It grants you flight.
   Fragile:   It will be destroyed if unequipped.
Armour
 o - a +1 cloak (worn)
 v - the +0 pair of boots of Hairiness (worn) {Int+4}
   (You found it on level 4 of the Dungeon)

   Int:       It affects your intelligence (+4).
 z - an orb of energy (worn)
 G - a +1 pair of gloves (worn)
Jewellery
 p - a ring of fire
 q - a ring of ice (left hand)
 r - an amulet of magic regeneration (around neck)
 B - a +6 ring of strength
 N - a ring of fire
Wands
 a - a wand of flame (22)
 k - a wand of polymorph (8)
 x - a wand of paralysis (4)
 H - a wand of roots (1)
Scrolls
 f - 3 scrolls of teleportation
 g - 3 scrolls of amnesia
 j - 6 scrolls of enchant weapon
 m - 2 scrolls of poison
 s - 2 scrolls of magic mapping
 t - 3 scrolls of blinking
 y - 3 scrolls of fog
 A - a scroll of fear
 D - a scroll of silence
 E - 2 scrolls of identify
Potions
 c - a potion of resistance
 e - 3 potions of berserk rage
 h - 6 potions of curing
 i - 3 potions of cancellation
 l - 3 potions of brilliance
 n - 4 potions of heal wounds {unknown}
 u - 5 potions of haste
 w - a potion of might {unknown}
 C - a potion of flight {unknown}
 I - a potion of magic
 M - a potion of invisibility


   Skills:
 + Level 3.5 Dodging
 + Level 2.5 Stealth
 + Level 13.8 Spellcasting
 - Level 4.0 Conjurations
 * Level 13.6 Ice Magic


You had 13 spell levels left.
You knew the following spells:

 Your Spells              Type           Power      Damage    Failure   Level
a - Magic Dart            Conj           100%       1d8       1%          1
b - Searing Ray           Conj           86%        2d7       1%          2
c - Dazzling Flash        Conj/Hex       62%        N/A       1%          3
d - Freeze                Ice            100%       1d11      0%          1
e - Hailstorm             Conj/Ice       82%        3d17      1%          4
f - Frozen Ramparts       Ice            100%       1d16      1%          3
g - Ozocubu's Armour      Ice            99%        N/A       1%          3
h - Mephitic Cloud        Conj/Pois/Air  27%        N/A       1%          3
i - Olgreb's Toxic Radia  Pois           20%        N/A       7%          4

Your spell library contained the following spells:

 Spells                   Type           Power      Damage    Failure   Level
 Shock                    Conj/Air       100%       1d9       1%          1
 Beastly Appendage        Tmut           40%        N/A       2%          1
 Inner Flame              Hex/Fire       20%        N/A       2%          3
 Ozocubu's Refrigeration  Ice            49%        4d18      2%          7
 Blink                    Tloc           40%        N/A       3%          2
 Wereblood                Tmut           20%        N/A       3%          2
 Fulminant Prism          Conj/Hex       15%        3d11      3%          4
 Iskenderun's Mystic Bla  Conj/Tloc      31%        2d8       3%          4
 Airstrike                Air            10%        2d(2-18)  7%          4
 Call Canine Familiar     Summ           20%        N/A       8%          3
 Gell's Gravitas          Tloc           20%        N/A       8%          3
 Lesser Beckoning         Tloc           20%        N/A       8%          3
 Portal Projectile        Hex/Tloc       40%        N/A       8%          3
 Spider Form              Tmut/Pois      20%        N/A       8%          3
 Swiftness                Air            20%        N/A       8%          3
 Teleport Other           Tloc           20%        N/A       8%          3
 Tukima's Dance           Hex            20%        N/A       8%          3
 Lee's Rapid Deconstruct  Erth           10%        3d9*      17%         5
 Cause Fear               Hex            10%        N/A       26%         4
 Leda's Liquefaction      Hex/Erth       10%        N/A       26%         4
 Blade Hands              Tmut           10%        N/A       56%         5
 Manifold Assault         Tloc           20%        N/A       56%         5
 Dispersal                Tloc           10%        N/A       98%         6
 Statue Form              Tmut/Erth      13%        N/A       98%         6
 Discord                  Hex            10%        N/A       100%        8


Dungeon Overview and Level Annotations

Branches:
Dungeon (12/15)            Temple (1/1) D:4            Lair (0/5) D:8
    Orc (0/2) D:9

Altars:
Ashenzari
Cheibriados
Dithmenos
Elyvilon
Fedhas
Gozag
Hepliaklqana
Kikubaaqudgha
Makhleb
Nemelex Xobeh
Okawaru
Qazlal
Ru
Sif Muna
Trog
Uskayaw
Vehumet
Wu Jian
Xom
Yredelemnul
Zin
The Shining One


Innate Abilities, Weirdness & Mutations

You can breathe waves of freezing cold which knock back foes.
Your icy white scales are hard. (AC +7)
You cannot fit into any form of body armour.
Your flesh is cold resistant. (rC+)
You are cold-blooded and may be slowed by cold attacks.


Message History

You see here a howler monkey corpse.
The slime creature attacks as you move away!
The slime creature completely misses you.
The slime creature attacks as you move away!
The slime creature barely misses you.
The slime creature attacks as you move away!
The slime creature hits you!
The slime creature attacks as you move away!
The slime creature barely misses you.
The slime creature attacks as you move away!
The slime creature hits you but does no damage.
The slime creature attacks as you move away!
The slime creature misses you.
The slime creature attacks as you move away!
The slime creature hits you but does no damage.
The slime creature attacks as you move away!
The slime creature barely misses you.
A green ugly thing comes into view.
You see here a +0 robe.
The slime creature attacks as you move away!
The slime creature hits you.
Really fly into that dispersal trap?
You enter a dispersal trap!
The slime creature blinks!
The titanic slime creature blinks! x2; The slime creature blinks!
You blink.
The green ugly thing punches you.
A shadow comes into view.
The shadow moves out of view.
The green ugly thing attacks as you move away!
The green ugly thing punches you.
The green ugly thing attacks as you move away!
The green ugly thing punches you. The green ugly thing punches you!
The green ugly thing attacks as you move away!
The green ugly thing punches you!
* * * LOW HITPOINT WARNING * * *
The green ugly thing punches you!
* * * LOW HITPOINT WARNING * * *
The green ugly thing attacks as you move away!
The green ugly thing punches you.
You die...

#.. ##....##..##..##
...# #.....#.......##
#<..# #.....#.......##
#...# #.....#........#
#...# ##J...#........#
###+#
#######....##.......#
#....##....##......##
..##..........#...##..##
.......@u.....'...##..##
..##....##....##..#....'
#######....# .'....#
#.....# #....# '.....'.
#...## #.....#..#...##
#....##..#..... ....#
#..... #.. #...##


You could see a green ugly thing.

Vanquished Creatures
  The ghost of cdecastro the Cleaver, a novice HOFi of Nemelex Xobeh (D:9)
  3 two-headed ogres
  2 ugly things
  A cyclops (D:12)
  2 manticores
  2 unseen horrors
  A kobold demonologist (D:10)
  A troll (D:8)
  Prince Ribbit (D:5)
  A hornet (D:11)
  Sigmund (D:5)
  4 wyverns
  22 yaks
  A vampire (D:9)
  An unseen horror simulacrum (D:9)
  2 vampire mosquitoes (D:12)
  3 acid dragons
  A black bear (D:6)
  4 ice beasts
  3 orc warriors
  A sky beast (D:6)
  2 ogres
  A wolf (D:8)
  8 centaurs
  A scorpion (D:5)
  A necrophage (D:4)
  4 wights (D:9)
  5 killer bees (D:9)
  13 howler monkeys
  4 electric eels (D:8)
  A jelly (D:6)
  15 hounds
  4 orc priests
  Crazy Yiuf (D:2)
  Jessica (D:2)
  3 iguanas
  5 orc wizards
  Terence (D:2)
  A centaur simulacrum (D:9)
  3 gnolls (D:5)
  10 adders
  3 white imps (D:9)
  An ufetubus (D:4)
  4 dart slugs
  24 orcs
  6 ball pythons
  3 bats
  11 endoplasms
  3 giant cockroaches
  6 goblins
  2 hobgoblins (D:1)
  9 kobolds
  5 quokkas
  5 frilled lizards
  10 rats
234 creatures vanquished.

Vanquished Creatures (others)
  A swamp drake (D:9)
  3 fungi (D:2)
  2 plants (D:5)
6 creatures vanquished.

Grand Total: 240 creatures vanquished

Notes
Turn   | Place    | Note
-------+----------+-------------------------------------------
     0 | D:1      | dudediamond6 the Draconian Conjurer began the quest for the
                  | Orb.
     0 | D:1      | Reached XP level 1. HP: 14/14 MP: 3/3
   393 | D:1      | Reached XP level 2. HP: 18/20 MP: 0/5
   676 | D:1      | Learned a level 2 spell: Searing Ray
   881 | D:1      | Found a faded altar of an unknown god.
  1651 | D:2      | Reached XP level 3. HP: 26/26 MP: 4/7
  2177 | D:2      | Learned a level 3 spell: Dazzling Flash
  2268 | D:2      | Noticed Jessica
  2271 | D:2      | Noticed Terence
  2293 | D:2      | Killed Terence
  2294 | D:2      | Reached XP level 4. HP: 17/33 MP: 6/10
  2295 | D:2      | Killed Jessica
  2969 | D:2      | Found a runed translucent door.
  2970 | D:2      | Noticed Crazy Yiuf
  2979 | D:2      | Killed Crazy Yiuf
  3071 | D:3      | Reached XP level 5. HP: 38/38 MP: 9/12
  3185 | D:3      | Reached skill level 5 in Spellcasting
  4117 | D:4      | Reached XP level 6. HP: 45/45 MP: 7/14
  4182 | D:4      | Found a staircase to the Ecumenical Temple.
  4191 | Temple   | Entered the Ecumenical Temple
  4578 | Temple   | Became a worshipper of Vehumet
  4742 | D:4      | Found a white marble altar of Elyvilon.
  4744 | D:4      | Found a glowing golden altar of the Shining One.
  5149 | D:4      | Identified the +0 pair of boots of Hairiness {Int+4}
  5516 | D:5      | Entered Level 5 of the Dungeon
  5732 | D:5      | Noticed an ice beast
  5746 | D:5      | Killed an ice beast
  5747 | D:5      | Your scales start taking on an icy white colour.
  5747 | D:5      | Reached XP level 7. HP: 46/50 MP: 4/17
  5747 | D:5      | Gained mutation: Your flesh is cold resistant. (rC+) [White
                  | Draconian growth]
  5749 | D:5      | Learned a level 1 spell: Freeze
  5754 | D:5      | Learned a level 4 spell: Hailstorm
  5758 | D:5      | Learned a level 3 spell: Frozen Ramparts
  5915 | D:5      | Noticed Prince Ribbit
  5931 | D:5      | Killed Prince Ribbit
  5932 | D:5      | Reached skill level 1 in Ice Magic
  6098 | D:5      | Noticed Sigmund
  6103 | D:5      | Killed Sigmund
  6194 | D:5      | Reached XP level 8. HP: 57/57 MP: 16/20
  6935 | D:6      | Reached skill level 10 in Spellcasting
  6937 | D:6      | Reached skill level 5 in Ice Magic
  7056 | D:6      | Reached * piety under Vehumet
  7056 | D:6      | Offered knowledge of Foxfire by Vehumet.
  7058 | D:6      | Reached XP level 9. HP: 62/62 MP: 17/23
  7204 | D:6      | You fall into a shaft and drop 3 floors!
  7583 | D:9      | Noticed cdecastro's ghost (novice HOFi)
  7670 | D:9      | Identified the +5 rapier of the Egg {drain, Fragile Fly
                  | Int+3 Dex+8}
  8045 | D:9      | Found a staircase to the Orcish Mines.
  8337 | D:9      | Found a runed translucent gate.
  8337 | D:9      | Found a runed translucent gate.
  8337 | D:9      | Found a runed translucent gate.
  8664 | D:8      | Noticed a troll
  8673 | D:8      | Killed a troll
  8673 | D:8      | Offered knowledge of Sandblast by Vehumet.
  8674 | D:8      | Reached XP level 10. HP: 47/69 MP: 18/25
  8682 | D:8      | Reached ** piety under Vehumet
  9529 | D:8      | Found a staircase to the Lair.
  9838 | D:9      | Reached skill level 10 in Ice Magic
 10280 | D:9      | Learned a level 3 spell: Ozocubu's Armour
 10293 | D:9      | Offered knowledge of Mephitic Cloud by Vehumet.
 10298 | D:9      | Learned a level 3 spell: Mephitic Cloud
 10750 | D:9      | Killed cdecastro's ghost
 11026 | D:9      | Identified the +1 troll leather armour of Valour {Harm
                  | rElec Will+ Regen+}
 11080 | D:10     | Entered Level 10 of the Dungeon
 11113 | D:9      | Identified a scroll of acquirement
 11113 | D:9      | Acquired 709 gold pieces
 11272 | D:10     | Noticed a two-headed ogre
 11282 | D:10     | Killed a two-headed ogre
 11283 | D:10     | Reached XP level 11. HP: 62/74 MP: 18/27
 11521 | D:10     | Reached *** piety under Vehumet
 12132 | D:11     | Identified the +6 falchion of Causality {venom, *Noise rC+
                  | Int+4}
 12185 | D:11     | Noticed a brown ugly thing
 12198 | D:11     | Killed a brown ugly thing
 12511 | D:11     | Noticed a two-headed ogre
 12518 | D:11     | Killed a two-headed ogre
 13564 | D:12     | Noticed a green ugly thing
 13576 | D:12     | Killed a green ugly thing
 13683 | D:12     | Offered knowledge of Olgreb's Toxic Radiance by Vehumet.
 13749 | D:12     | Learned a level 4 spell: Olgreb's Toxic Radiance
 13993 | D:12     | Noticed a two-headed ogre
 14001 | D:12     | Killed a two-headed ogre
 14325 | D:12     | Noticed a green ugly thing
 14337 | D:12     | Slain by a green ugly thing

Illustrated notes

Levels and vault maps discovered:
D:1:      spicycebolla_arrival_xxxplode, layout_loops_corners,
          ebering_ecumenical_altar_ruins, serial_co_window_serial,
          co_window_of_opportunity_a, co_window_paths_b, co_window_paths_b,
          co_window_corner_a, co_window_corner_a, co_window_paths_b,
          co_window_paths_a, co_window_corner_b, co_window_unsneaky_path_c,
          co_window_paths_c
D:2:      layout_loops_corners, ebering_dispersal_statue_hall, uniq_jessica,
          uniq_terence, uniq_crazy_yiuf_cottage
D:3:      layout_rooms, minmay_misc_feat_chi, nicolae_underground_beach
D:4:      layout_basic, jmf_multi_god_temple, minmay_temple_entry_overgrown,
          feat_on_display
D:5:      layout_basic, chequers_serial_rivers_small_3, serial_bayou_pond_b,
          kennysheep_generic_room_5, uniq_prince_ribbit1, uniq_sigmund
D:6:      layout_gridville, st_stairs_3
D:8:      layout_basic, erik_lair_island
D:9:      layout_basic, erik_orc_1, gammafunk_ghost_icy
D:10:     layout_roguey, minivault_4
D:11:     layout_stronghold
D:12:     layout_gridville
Temple:   mainiacjoe_temple_big_plus

Skill      XL: |  1  2  3  4  5  6  7  8  9 10 11 |
---------------+----------------------------------+-----
Spellcasting   | 3 4 5 7 8 10 11 12 13 | 13.8
Ice Magic      | 2 5 8 11 13 | 13.6
Dodging        | 2 3 |  3.5
Stealth        | 2 |  2.5
Conjurations   | |  4.0

Action                   |  1- 3 |  4- 6 |  7- 9 | 10-12 || total
-------------------------+-------+-------+-------+-------++-------
Melee: Unarmed           |     6 |       |       |       ||     6
       Mace              |     3 |       |       |       ||     3
       Tailslap          |     2 |     5 |       |       ||     7
       Flail             |     2 |     9 |       |       ||    11
       Quarterstaff      |       |     6 |       |       ||     6
       Dagger            |       |       |     1 |       ||     1
 Cast: Magic Dart        |    69 |   114 |   126 |   121 ||   430
       Searing Ray       |     2 |     8 |    21 |    50 ||    81
       Freeze            |       |       |    13 |    10 ||    23
       Frozen Ramparts   |       |       |    18 |    35 ||    53
       Ozocubu's Armour  |       |       |       |    24 ||    24
       Dazzling Flash    |       |       |       |     1 ||     1
       Hailstorm         |       |       |       |     6 ||     6
 Abil: Breathe Frost     |       |       |     3 |       ||     3
  Use: Potion            |     1 |       |       |     2 ||     3
       Scroll            |       |     8 |     1 |    13 ||    22
Armor: Skin              |     8 |    14 |    25 |    82 ||   129
Dodge: Dodged            |    10 |    20 |    48 |    97 ||   175
